 Dungeon Crawl Stone Soup version 0.28-b1-25-g9875b3fc8c (webtiles) character file.

Game seed: 8890020181834127696

2981 Crownlay the Thaumaturge (level 9, -4/45 HPs)
             Began as a Gargoyle Earth Elementalist on Feb 5, 2022.
             Was a Believer of Vehumet.
             Slain by Harold (17 damage)
             ... on level 7 of the Dungeon.
             The game lasted 00:15:23 (8911 turns).

Crownlay the Thaumaturge (GrEE)                     Turns: 8911, Time: 00:15:24

Health: -4/45      AC: 16    Str: 13    XL:     9   Next: 83%
Magic:  9/23       EV: 11    Int: 19    God:    Vehumet [**....]
Gold:   269        SH:  0    Dex: 10    Spells: 22/28 levels left

rFire   . . .      SeeInvis .   i - +1 war axe (elec)
rCold   . . .      Faith    .   (no shield)
rNeg    + . .      Spirit   .   b - +0 robe
rPois   ∞          Reflect  .   w - +0 helmet
rElec   +          Harm     .   y - +2 cloak
rCorr   .          Rampage  .   (no gloves)
Will    .....                   (no boots)
Stlth   ++........              (no amulet)
HPRegen 0.15/turn               o - +4 ring of protection
MPRegen 0.18/turn               (no ring)

@: hasted, very quick
A: sickness immunity, AC +6, negative energy resistance 1, electricity
resistance, torment resistance 1, petrification resistance
a: Renounce Religion


You were on level 7 of the Dungeon.
You worshipped Vehumet.
Vehumet was pleased with you.
You visited 2 branches of the dungeon, and saw 9 of its levels.
You also visited: Ossuary.

You collected 294 gold pieces.
You spent 25 gold pieces at shops.

Inventory:

Hand Weapons
 i - a +1 war axe of electrocution (weapon)
Missiles
 c - 63 stones
 r - 2 silver boomerangs
Armour
 b - a +0 robe (worn)
 w - a +0 helmet (worn)
 y - a +2 cloak (worn)
Magical Staves
 k - a staff of cold
Jewellery
 o - a +4 ring of protection (left hand)
Wands
 a - a wand of iceblast (5)
Scrolls
 e - a scroll of magic mapping {unknown}
 f - 2 scrolls of amnesia
 l - a scroll of identify
 n - 4 scrolls of fog
 q - 2 scrolls of vulnerability
 t - 5 scrolls of teleportation
 z - a scroll of silence {unknown}
 A - a scroll of enchant weapon {unknown}
 B - a scroll of torment {unknown}
 C - a scroll of blinking {unknown}
Potions
 d - a potion of flight {unknown}
 g - 2 potions of mutation
 h - 3 potions of curing
 j - 2 potions of haste
 m - 2 potions of brilliance
 p - a potion of lignification {unknown}
 s - 3 potions of attraction {unknown}
 u - a potion of degeneration {unknown}
 v - 3 potions of cancellation {unknown}
 x - a potion of might {unknown}
 D - a potion of berserk rage {unknown}
 E - a potion of heal wounds {unknown}
 F - a potion of magic {unknown}
 G - 2 potions of invisibility {unknown}


   Skills:
 - Level 1.5 Dodging
 - Level 2.1 Stealth
 * Level 10.2 Spellcasting
 - Level 0.7 Transmutations
 + Level 9.9 Earth Magic


You had 22 spell levels left.
You knew the following spells:

 Your Spells              Type           Power      Damage    Failure   Level
a - Sandblast             Erth           94%        2d19      1%          1
b - Passwall              Tmut/Erth      25%        N/A       1%          2
c - Stone Arrow           Conj/Erth      56%        3d10      2%          3

Your spell library contained the following spells:

 Spells                   Type           Power      Damage    Failure   Level
 Mephitic Cloud           Conj/Pois/Air  9%         N/A       22%         3
 Wereblood                Tmut           12%        N/A       9%          2
 Petrify                  Tmut/Erth      30%        N/A       9%          4
 Static Discharge         Conj/Air       9%         N/A       11%         2
 Portal Projectile        Hex/Tloc       18%        N/A       22%         3
 Dispel Undead            Necr           9%         3d8       58%         4
 Olgreb's Toxic Radiance  Pois           9%         N/A       58%         4
 Sticky Flame             Conj/Fire      9%         2d3       58%         4
 Blade Hands              Tmut           6%         N/A       83%         5
 Alistair's Intoxication  Tmut/Pois      7%         N/A       86%         5
 Excruciating Wounds      Necr           4%         N/A       90%         5
 Dispersal                Tloc           4%         N/A       100%        6
 Summon Hydra             Summ           4%         N/A       100%        7
 Sublimation of Blood     Necr           Unusable   N/A       N/A         2

Dungeon Overview and Level Annotations

Branches:
Dungeon (8/15)             Temple (1/1) D:5            Lair (0/6) D:8
Ossuary (visited)

Altars:
Hepliaklqana
Kikubaaqudgha
Okawaru
Sif Muna
Trog
Vehumet
Xom
Zin

Shops:
D:4 *   D:6 [

Annotations:
D:3 2 transporters
D:7 Harold


Innate Abilities, Weirdness & Mutations

You are immune to sickness and miasma.
Your stone body is resilient. (AC +6)
You are immune to poison.
You resist negative energy. (rN+)
You are resistant to electric shocks. (rElec)
You are resistant to unholy torment.
You are immune to petrification.


Message History

The killer bee stings you but does no damage.
The killer bee stings you. Harold barely misses you. Harold misses you.
The killer bee stings you but does no damage.
The killer bee barely misses you.
The killer bee stings you but does no damage.
There is a stone staircase leading up here.
The killer bee stings you but does no damage. x2
Harold hits you from afar with a +0 glaive.
You climb upwards.
There is a stone staircase leading down here.
The stone arrow hits the killer bee!!
You kill the killer bee!
Vehumet accepts your kill.
You can't see any susceptible monsters within range! (Use Z to cast anyway.) Magic restored.
HP restored.
Done exploring.
You climb downwards.
Level annotation: Harold Harold barely misses you.
Harold hits you with a +0 glaive.
There is a stone staircase leading up here.
The stone arrow misses Harold.
Harold hits you with a +0 glaive.
The stone arrow hits Harold.
Harold is lightly wounded.
Harold hits you with a +0 glaive!
The stone arrow hits Harold!
Harold is moderately wounded.
Harold hits you but does no damage.
The stone arrow misses Harold.
Harold zaps a wand.
You resist with some effort.
The stone arrow hits Harold.
Harold is moderately wounded.
Harold hits you with a +0 glaive!
* * * LOW HITPOINT WARNING * * *
Harold zaps a wand.
You resist with some effort.
The now-empty wand crumbles to dust.
You climb upwards.
There is a stone staircase leading down here.
You feel yourself speed up. Harold hits you with a +0 glaive!
You die...

#.##....## ######## #.##.#..##
#......# #.##.#..## ##......#
##### #.........
#.......#####...########......
#.......................######
#.......####....#######.# #
##......# #@#†#### #.#
#.......# #.@....#####.###
#.......# ####...........#
#..#.##.# #...#####.#.#
#..#.##.# ######.## ##.#.#
#<.#.##.# #......## #..#.####
#..#.##.# #.......# #.##.....
#.......# #.......# #.##.....
####..### #.......####.##..(..
##.# #.......#.......####


You could see Harold.

Vanquished Creatures
  A shadow (D:7)
  A water moccasin (D:6)
  2 necrophages
  An orc warrior (D:6)
  An ice beast (D:5)
  2 ogres
  2 sky beasts
  A centaur (D:7)
  A phantom (D:6)
  An elf zombie (Ossuary)
  A scorpion (D:4)
  A gnoll sergeant (D:5)
  A wyvern skeleton (D:7)
  2 water moccasin skeletons
  6 killer bees
  2 vampire bats (D:3)
  3 howler monkeys
  A bullfrog zombie (D:6)
  4 centaur zombies
  A gnoll shaman (D:6)
  A centaur skeleton (D:6)
  An orc priest (D:3)
  2 hounds
  2 human zombies (Ossuary)
  3 iguanas (D:6)
  A jelly (D:6)
  2 bullfrog skeletons
  2 scorpion zombies (D:4)
  6 orc wizards
  A killer bee zombie (D:8)
  2 mummies (Ossuary)
  A howler monkey zombie (D:7)
  4 adders
  5 gnolls
  A shadow imp (D:7)
  3 white imps
  An ufetubus (D:5)
  4 adder zombies
  An adder skeleton (D:4)
  2 worms
  2 dart slugs
  19 orcs
  8 ball pythons
  2 bats
  2 bat skeletons (D:3)
  4 bat zombies (D:3)
  4 endoplasms
  3 giant cockroaches
  5 goblins
  10 hobgoblins
  12 kobolds
  4 quokkas
  5 frilled lizards
  2 goblin zombies (Ossuary)
  9 hobgoblin zombies (Ossuary)
  A jackal zombie (Ossuary)
  7 kobold zombies (Ossuary)
  11 orc zombies (Ossuary)
  7 rats
  A rat zombie (Ossuary)
198 creatures vanquished.

Vanquished Creatures (others)
  2 ogres (D:4)
  An adder (D:4)
  A dart slug (D:4)
  16 fungi (D:5)
  28 plants
48 creatures vanquished.

Grand Total: 246 creatures vanquished

Notes
Turn   | Place    | Note
-------+----------+-------------------------------------------
     0 | D:1      | Crownlay the Gargoyle Earth Elementalist began the quest
                  | for the Orb.
     0 | D:1      | Reached XP level 1. HP: 10/10 MP: 3/3
   379 | D:1      | Found a faded altar of an unknown god.
   420 | D:1      | Reached XP level 2. HP: 15/15 MP: 3/5
   685 | D:1      | Got the Papyrus of the Vitriolic Compass
  1012 | D:2      | Found a glowing silver altar of Zin.
  1110 | D:2      | Reached XP level 3. HP: 12/19 MP: 7/7
  1113 | D:2      | Learned a level 2 spell: Passwall
  1117 | D:2      | Learned a level 3 spell: Stone Arrow
  1253 | D:2      | Reached skill level 3 in Spellcasting
  2232 | D:3      | Found a transporter.
  2282 | D:3      | Found a transporter.
  2324 | D:3      | Reached XP level 4. HP: 18/24 MP: 5/9
  2628 | D:3      | Identified the +1 scale mail of Erick {Rampage}
  2628 | D:3      | Noticed a gnoll sergeant
  2842 | D:3      | Found an ancient bone altar of Kikubaaqudgha.
  2847 | D:3      | Reached skill level 4 in Spellcasting
  2847 | D:3      | Reached XP level 5. HP: 28/28 MP: 9/11
  2856 | D:3      | Reached skill level 5 in Earth Magic
  3196 | D:4      | Reached XP level 6. HP: 25/32 MP: 11/13
  3312 | D:4      | Found Fayz's CLEARANCE SALE!.
  3320 | D:4      | Bought a scroll of teleportation for 15 gold pieces
  3320 | D:4      | Bought a scroll of fog for 10 gold pieces
  3336 | D:4      | Reached skill level 5 in Spellcasting
  3659 | D:4      | Noticed a necrophage
  3662 | D:4      | Found a shimmering altar of Xom.
  3679 | D:4      | Killed a necrophage
  3680 | D:4      | Reached XP level 7. HP: 36/36 MP: 2/15
  4080 | D:5      | Entered Level 5 of the Dungeon
  4083 | D:5      | Reached skill level 6 in Spellcasting
  4496 | D:5      | Reached XP level 8. HP: 8/41 MP: 4/18
  4825 | D:5      | Reached skill level 7 in Spellcasting
  5000 | D:5      | Found a staircase to the Ecumenical Temple.
  5043 | Temple   | Entered the Ecumenical Temple
  5056 | Temple   | Became a worshipper of Vehumet
  5507 | D:6      | Reached skill level 8 in Spellcasting
  5982 | D:6      | Reached XP level 9. HP: 45/45 MP: 11/21
  6197 | D:6      | Reached * piety under Vehumet
  6197 | D:6      | Offered knowledge of Shock by Vehumet.
  6310 | D:6      | Reached skill level 9 in Spellcasting
  6424 | D:6      | Found Yliriut's Armour Boutique.
  7649 | D:7      | Found a shimmering blue altar of Sif Muna.
  7722 | D:8      | Noticed a death yak
  7722 | D:8      | Noticed Harold
  7722 | D:8      | Found a staircase to the Lair.
  7985 | D:8      | Found a sand-covered staircase.
  7993 | Ossuary  | Entered an ossuary
  8001 | Ossuary  | Reached skill level 10 in Spellcasting
  8008 | Ossuary  | Reached ** piety under Vehumet
  8039 | Ossuary  | Offered knowledge of Freeze by Vehumet.
  8484 | D:8      | Offered knowledge of Mephitic Cloud by Vehumet.
  8510 | D:8      | Noticed a death yak
  8911 | D:7      | Slain by Harold

Illustrated notes

Levels and vault maps discovered:
D:1:      dpeg_arrival_long_road, layout_basic,
          dreamdust_ecumenical_altar_hidden_monk_grotto
D:2:      layout_basic, basic_altar, minmay_door_square
D:3:      minmay_chambers_of_twos, layout_rooms, kennysheep_vampire_church,
          gammafunk_ghost_gnarly_gnolls, grunt_ministairs_15
D:4:      layout_loops_ring, xom_confusion_cloud, serial_undead,
          serial_undead_a, serial_undead_c, serial_undead_b, serial_undead_d,
          hangedman_abyss_or_decor_slice, hex_medium, nicolae_shop_clearance
D:5:      layout_loops_cross, minmay_temple_entry_arrows, serial_aquarium,
          aquarium_bridge_square [aquarium_subvault_bridge,
          aquarium_subvault_wall, aquarium_subvault_wall,
          aquarium_subvault_bridge], aquarium_bridge_long_separate
          [aquarium_subvault_bridge, aquarium_subvault_wall,
          aquarium_subvault_wall, aquarium_subvault_wall,
          aquarium_subvault_wall, aquarium_subvault_bridge],
          aquarium_window_fake, aquarium_window_1, aquarium_window_2,
          aquarium_view_2a, aquarium_view_2d, aquarium_pool_2
D:6:      minmay_evil_eye, layout_basic, serial_shops, shop
D:7:      layout_loops_cross, nicolae_sif_muna_condensation,
          nicolae_overflow_hidden_temple
D:8:      layout_loops_cross, dpeg_lair_monsters, chequers_ossuary_entry_cave,
          nicolae_looking_at_the_future, uniq_harold
Temple:   regret_index_temple_sphere_string

Skill      XL: |  1  2  3  4  5  6  7  8  9 |
---------------+----------------------------+-----
Earth Magic    | 4 5 6 7 8 9 |  9.9
Spellcasting   | 3 4 5 6 8 10 | 10.2
Dodging        | |  1.5
Stealth        | |  2.1
Transmutations | |  0.7

Action                   |  1- 3 |  4- 6 |  7- 9 || total
-------------------------+-------+-------+-------++-------
Melee: Dagger            |    17 |       |       ||    17
       War axe           |    70 |    71 |    42 ||   183
 Cast: Sandblast         |    19 |    23 |   172 ||   214
       Stone Arrow       |       |       |    49 ||    49
       Passwall          |       |       |     2 ||     2
  Use: Scroll            |       |       |     7 ||     7
       Potion            |       |       |     1 ||     1
 Stab: Sleeping          |     5 |     3 |       ||     8
Armor: Robe              |    29 |    55 |   111 ||   195
Dodge: Dodged            |    60 |    78 |    80 ||   218
